AoeStats
← JON

African Clearing

510929998Analyzed
4v4 RM · 19h ago on Oct 3, 2026· 39m 26s· 8 players
Game mode
Random Map
Map size
Large (8 player)
Population
200
Speed
Normal
Resources
Standard
Victory
Conquest
Starting age
Dark Age
Ending age
Imperial Age
RankedLock teamsTeams togetherTeam positionsShared explorationLock speedFull tech treeHidden civsTurbo modeCheats
Victory
Defeat
🇺🇸 Magyars · United States
1325
+12
🇧🇩 Koreans · Bangladesh
1246
+15
🇧🇷 Khmer · Brazil
1169
+18
🇺🇸 Persians · United States
1164
+18
🇨🇷 Hindustanis · Costa Rica
1265
-18
🇨🇷 Vietnamese · Costa Rica
1262
-17
🇨🇷 Persians · Costa Rica
1185
-14
🇨🇴 Mongols · Colombia
1185
-14
[CRM] - Shadow
5:19 Loom
12:00 Feudal Age
13:02 Double-Bit Axe
15:16 Forging
15:40 Scale Barding Armor
18:34 Town Watch
19:29 Wheelbarrow
21:01 Wheelbarrow
24:00 Castle Age
22:35 Bloodlines
23:16 Gold Mining
23:09 Horse Collar
25:01 Bow Saw
24:52 Heavy Plow
VenenoMcc
5:40 Loom
14:19 Feudal Age
26:38 Castle Age
25:13 Double-Bit Axe
25:21 Stone Mining
25:15 Horse Collar
26:05 Gold Mining
37:22 Bow Saw
37:56 Wheelbarrow
[CRM]-Holvin
11:36 Feudal Age
12:33 Double-Bit Axe
15:12 Horse Collar
17:18 Bloodlines
18:50 Scale Barding Armor
21:20 Forging
25:52 Castle Age
25:10 Gold Mining
27:25 Chain Barding Armor
27:57 Gold Shaft Mining
29:16 Iron Casting
28:44 Husbandry
31:08 Wheelbarrow
32:06 Stone Mining
32:37 Heavy Plow
40:35 Stone Shaft Mining
[CRM]-Camacho
3:49 Loom
8:15 Loom
12:21 Feudal Age
14:24 Double-Bit Axe
17:18 Fletching
17:29 Padded Archer Armor
23:55 Castle Age
24:38 Bodkin Arrow
27:57 Crossbowman
29:38 Horse Collar
33:20 Wheelbarrow
34:30 Hand Cart
34:10 Gold Mining
34:24 Heavy Plow
34:43 Leather Archer Armor
35:19 Bow Saw
JON
3:05 Loom
11:31 Feudal Age
18:46 Double-Bit Axe
22:16 Fletching
24:12 Wheelbarrow
27:25 Castle Age
26:42 Stone Mining
28:32 Bodkin Arrow
28:55 Gold Mining
30:53 Scale Barding Armor
32:27 Padded Archer Armor
34:33 Leather Archer Armor
36:33 Chain Barding Armor
37:22 Bow Saw
37:55 Horse Collar
PAINTER
13:59 Feudal Age
12:39 Loom
18:59 Castle Age
19:44 Fletching
36:23 Double-Bit Axe
jp.manhaes94
13:10 Feudal Age
17:28 Castle Age
15:40 Double-Bit Axe
20:39 Loom
30:35 Scale Barding Armor
31:43 Bloodlines
32:21 Wheelbarrow
33:00 Husbandry
34:07 Chain Barding Armor
35:11 Forging
36:44 Iron Casting
42:21 Imperial Age
40:07 Hand Cart
39:37 Town Watch
J. C. Maxwell
12:39 Loom
15:03 Feudal Age
15:51 Double-Bit Axe
15:48 Horse Collar
18:09 Fletching
20:29 Castle Age
20:24 Gold Mining
22:18 Bow Saw
22:16 Heavy Plow
22:16 Crossbowman
22:53 Bodkin Arrow
24:36 Ballistics
25:27 Gold Shaft Mining
26:14 Wheelbarrow
26:51 Thumb Ring
29:38 Hand Cart
29:09 Town Watch
42:07 Imperial Age
Connection lost

Rejoining the realm…

Still unreachable

The connection could not be restored.

Session expired

The server has moved on; the page needs a fresh start.